 Dungeon Crawl Stone Soup version 0.28.0-49-g6dfe1f597d (webtiles) character file.

Game seed: 6535647245593168738

35 Keeper01 the Vandal (level 3, -4/30 HPs)
             Began as a Draconian Wanderer on May 11, 2022.
             Slain by a black bear (8 damage)
             ... on level 2 of the Dungeon.
             The game lasted 00:12:50 (1476 turns).

Keeper01 the Vandal (Draconian Wanderer)            Turns: 1476, Time: 00:12:52

Health: -4/30      AC:  5    Str: 13    XL:     3   Next: 17%
Magic:  3/3        EV: 11    Int: 11    God:
Gold:   38         SH:  5    Dex: 14    Spells: 2/2 levels left

rFire   . . .      SeeInvis .   a - +2 hunting sling
rCold   . . .      Faith    .   d - +1 buckler
rNeg    . . .      Spirit   .   (armour unavailable)
rPois   .          Reflect  .   (helmet restricted)
rElec   .          Harm     .   (no cloak)
rCorr   .          Rampage  .   (no gloves)
Will    .....                   (no boots)
Stlth   +.........              (no amulet)
HPRegen 0.10/turn               (no ring)
MPRegen 0.08/turn               (no ring)

@: hasted, very quick
A: AC +5, unfitting armour, cold-blooded
a: no special abilities


You were on level 2 of the Dungeon.
You visited 1 branch of the dungeon, and saw 2 of its levels.

You collected 38 gold pieces.

Inventory:

Hand Weapons
 a - a +2 hunting sling (weapon)
 c - a +0 falchion
Missiles
 b - 9 sling bullets (quivered ammo)
 h - 33 stones
Armour
 d - a +1 buckler (worn)
Scrolls
 f - a scroll of noise
 g - a scroll of vulnerability
 i - a scroll of teleportation
Potions
 j - a potion of flight {unknown}


   Skills:
 + Level 2.5 Fighting
 + Level 1.0 Long Blades
 + Level 4.3 Slings
 + Level 0.2 Dodging
 + Level 2.1 Shields
 + Level 1.0 Evocations


You had 2 spell levels left.
You didn't know any spells.
Your spell library contained the following spells:

 Spells                   Type           Power      Damage    Failure   Level
 Gell's Gravitas          Tloc           0%         N/A       80%         3
 Lesser Beckoning         Tloc           0%         N/A       80%         3
 Teleport Other           Tloc           0%         N/A       80%         3


Dungeon Overview and Level Annotations

Branches:
Dungeon (2/15)

Altars:

Shops:
D:2 *


Innate Abilities, Weirdness & Mutations

Your plain brown scales are hard. (AC +5)
You cannot fit into any form of body armour.
You are cold-blooded and may be slowed by cold attacks.


Message History

Aim: a black bear (severely wounded, berserk, 71% to hit)
You shoot a sling bullet.
The sling bullet closely misses the black bear.
The black bear bites you but does no damage.
The black bear misses you.
The black bear claws you but does no damage.
Fire: 13 sling bullets
Press: ? - help, Q - select action, (/) - cycle Shift-Dir - straight line, f/p - black bear
Aim: a black bear (severely wounded, berserk, 71% to hit)
You shoot a sling bullet.
The sling bullet hits the black bear but does no damage.
The black bear is severely wounded.
You block the black bear's attack.
The black bear claws you but does no damage. x2
Unknown command.
Fire: 12 sling bullets
Press: ? - help, Q - select action, (/) - cycle Shift-Dir - straight line, f/p - black bear
Aim: a black bear (severely wounded, berserk, 71% to hit)
You shoot a sling bullet. The sling bullet hits the black bear.
The black bear is almost dead.
The black bear bites you.
* * * LOW HITPOINT WARNING * * *
You block the black bear's attack. The black bear claws you.
* * * LOW HITPOINT WARNING * * *
Fire: 11 sling bullets
Press: ? - help, Q - select action, (/) - cycle Shift-Dir - straight line, f/p - black bear
Aim: a black bear (almost dead, berserk, 71% to hit)
You shoot a sling bullet. The sling bullet hits the black bear.
The black bear is almost dead.
You block the black bear's attack. The black bear claws you.
* * * LOW HITPOINT WARNING * * *
The black bear claws you but does no damage.
A rat comes into view.
Fire: 10 sling bullets
Press: ? - help, Q - select action, (/) - cycle Shift-Dir - straight line, f/p - black bear
Aim: a black bear (almost dead, berserk, 71% to hit)
You shoot a sling bullet.
The sling bullet barely misses the black bear.
The black bear bites you!
You die...

#.#.##.#####.# .###)#.......#
#.#.##.#############..
.#[#.†................
.####.########.......# #
......########.####### .###
##.#.#............# .....
.#.#...########.#.######......
................@h(..(!((⌠.(..
.........####r##...#.##.∩.....
###......#.##. #...#.# ⌠.⌠....
#........## .....+.# #..(...
#.....##.# ##....### .....(
########.........# ....$.
#######...# ..... #...# ...##


You could see a black bear (berserk) and a rat.

Vanquished Creatures
  A dart slug (D:1)
  2 ball pythons
  5 endoplasms
  A giant cockroach (D:1)
  5 hobgoblins
  3 jackals (D:1)
  4 kobolds
  A quokka (D:1)
  5 bats
  A frilled lizard (D:1)
  A rat (D:1)
29 creatures vanquished.

Notes
Turn   | Place    | Note
-------+----------+-------------------------------------------
     0 | D:1      | Keeper01 the Draconian Wanderer began the quest for the
                  | Orb.
     0 | D:1      | Keeper01 set off with the following items: a +2 hunting
                  | sling, 15 sling bullets, a +0 falchion, a +0 buckler
     0 | D:1      | Reached XP level 1. HP: 17/17 MP: 1/1
   136 | D:1      | Reached skill level 4 in Slings
   136 | D:1      | Reached XP level 2. HP: 25/25 MP: 2/2
  1148 | D:2      | Reached XP level 3. HP: 30/30 MP: 3/3
  1448 | D:2      | Found Vulalu's General Store.
  1453 | D:2      | Noticed a black bear
  1476 | D:2      | Slain by a black bear

Illustrated notes

Levels and vault maps discovered:
D:1:      mrwooster_arrival_statue_2, layout_loops_corners
D:2:      layout_basic, shapermc_ecumenical_altar_hornbeckon, serial_shops,
          shop_fountains, minmay_hexomino_f4

Skill      XL: |  1 |
---------------+----+-----
Slings         | 4 |  4.3
Fighting       | |  2.5
Long Blades    | |  1.0
Dodging        | |  0.2
Shields        | |  2.1
Evocations     | |  1.0

Action                   || total
-------------------------++-------
 Fire: Hunting sling     ||    67
  Use: Scroll            ||     4
       Potion            ||     1
Armor: Skin              ||    21
Dodge: Dodged            ||    20
Block: Buckler           ||    11
